[ AOE2 MATCH · #495998919 ]
UnrankedMalay vs Mongols
Player's team · LOSS
Rival team · WIN
[ REPLAY ANALYSIS · EXTRACTED FROM THE RECORDED GAME ]
Feudal
9:21
Castle
—
Imperial
—
| APM avg | 49.4 |
| APM peak | 101 |
| eAPM avg | 14.6 |
| Villagers / military | 44 / 18 |
Focus
⚔️ 28.1% · 🌾 71.9%
Archer ×7 · Militia ×6 · Skirmisher ×4 · Spearman ×1
Feudal
9:40
Castle
—
Imperial
—
| APM avg | 83.2 |
| APM peak | 139 |
| eAPM avg | 29.4 |
| Villagers / military | 62 / 7 |
Focus
⚔️ 29.1% · 🌾 70.9%
Archer ×4 · Militia ×2 · Skirmisher ×1
Match map
Initial resources + every placement click. Lines = walls · curves = elevation contours. ◆ gold · ⬟ stone · ● berries · ✦ relic · ◌ wall gap
Your base· Open — 6t gap
Im_15Years_Old_IamCaPte's base· Open — 6t gap
Smoothed initial terrain · ◌ = detected wall gap · hover for details
Inputs per minute
— __24_Thorfin_Arg - - Im_15Years_Old_IamCaPte
Build order — __24_Thorfin_Arg
113 actions detected in the replay
| 0:00 | Create | Villager (Male) |
| 0:01 | Create | Villager (Male) |
| 0:02 | Build | House |
| 0:04 | Build | House |
| 0:04 | Create | Villager (Male) |
| 0:04 | Create | Villager (Male) |
| 1:24 | Create | Villager (Male) |
| 1:54 | Build | Lumber Camp |
| 1:54 | Create | Villager (Male) |
| 2:33 | Create | Villager (Male) |
| 2:34 | Create | Villager (Male) |
| 2:45 | Create | Villager (Male) |
| 3:49 | Create | Villager (Male) |
| 4:01 | Build | House |
| 4:07 | Create | Villager (Male) |
| 4:20 | Create | Villager (Male) |
| 4:40 | Build | House |
| 5:07 | Research | Loom |
| 5:23 | Build | Barracks |
| 5:26 | Create | Villager (Male) |
| 5:50 | Create | Villager (Male) |
| 6:23 | Create | Villager (Male) |
| 6:24 | Create | Villager (Male) |
| 6:58 | Create | Villager (Male) |
| 7:02 | Build | Mining Camp |
| 7:24 | Create | Villager (Male) |
| 7:42 | Research | Feudal Age |
| 8:24 | Create | Militia |
| 8:24 | Create | Militia |
| 8:49 | Create | Militia |
| 9:06 | Build | Mill |
| 9:21 | Age | Feudal Age |
| 9:22 | Research | Man-at-Arms (upgrade) |
| 9:40 | Build | House |
| 9:42 | Create | Villager (Male) |
| 9:44 | Research | Double-Bit Axe |
| 9:53 | Build | Archery Range |
| 10:07 | Build | House |
| 10:12 | Build | Watch Tower |
| 10:41 | Create | Spearman |
| 10:43 | Build | Palisade Wall |
| 10:46 | Build | Palisade Wall |
| 11:04 | Create | Militia |
| 11:15 | Create | Villager (Male) |
| 11:29 | Create | Villager (Male) |
| 11:36 | Create | Villager (Male) |
| 11:54 | Create | Villager (Male) |
| 12:16 | Create | Villager (Male) |
| 12:23 | Build | House |
| 12:26 | Create | Villager (Male) |
| 13:18 | Create | Villager (Male) |
| 13:20 | Create | Villager (Male) |
| 13:22 | Build | House |
| 13:26 | Build | Farm |
| 13:26 | Build | Farm |
| 13:26 | Build | Farm |
| 13:26 | Build | Farm |
| 13:46 | Build | Farm |
| 13:55 | Build | Farm |
| 14:09 | Build | Farm |
| 14:38 | Build | Farm |
| 14:39 | Create | Villager (Male) |
| 14:45 | Create | Skirmisher |
| 14:51 | Build | Mining Camp |
| 15:01 | Create | Villager (Male) |
| 15:17 | Build | House |
| 15:17 | Create | Villager (Male) |
| 15:24 | Build | House |
| 15:47 | Create | Villager (Male) |
| 15:51 | Build | Farm |
| 15:56 | Build | Archery Range |
| 16:01 | Build | Farm |
| 16:04 | Create | Villager (Male) |
| 16:09 | Create | Skirmisher |
| 16:09 | Create | Archer |
| 16:35 | Build | Farm |
| 16:36 | Create | Villager (Male) |
| 16:53 | Create | Villager (Male) |
| 16:59 | Build | Blacksmith |
| 17:08 | Create | Archer |
| 17:09 | Create | Archer |
| 17:14 | Create | Villager (Male) |
| 17:21 | Build | Farm |
| 17:31 | Create | Archer |
| 17:33 | Create | Villager (Male) |
| 17:41 | Create | Villager (Male) |
| 17:46 | Build | Farm |
| 17:57 | Build | Watch Tower |
| 18:09 | Create | Villager (Male) |
| 18:17 | Create | Archer |
| 18:24 | Research | Fletching |
| 19:01 | Research | Town Watch |
| 19:06 | Build | Farm |
| 19:09 | Build | Farm |
| 19:27 | Build | Farm |
| 19:46 | Create | Archer |
| 19:47 | Create | Archer |
| 19:49 | Build | Farm |
| 19:50 | Create | Villager (Male) |
| 19:53 | Create | Militia |
| 20:26 | Create | Villager (Male) |
| 21:10 | Create | Skirmisher |
| 21:11 | Create | Villager (Male) |
| 21:15 | Create | Militia |
| 21:30 | Build | Farm |
| 21:31 | Build | Farm |
| 21:40 | Create | Villager (Male) |
| 21:53 | Build | Market |
| 22:09 | Research | Forging |
| 22:14 | Create | Skirmisher |
| 22:17 | Create | Villager (Male) |
| 22:25 | Build | Lumber Camp |
| 22:27 | Create | Villager (Male) |
Build order — Im_15Years_Old_IamCaPte
103 actions detected in the replay
| 0:00 | Create | Villager (Male) |
| 0:00 | Create | Villager (Male) |
| 0:00 | Create | Villager (Male) |
| 0:01 | Build | House |
| 0:02 | Build | House |
| 0:20 | Create | Villager (Male) |
| 0:20 | Create | Villager (Male) |
| 0:21 | Create | Villager (Male) |
| 1:29 | Create | Villager (Male) |
| 1:29 | Create | Villager (Male) |
| 1:51 | Create | Villager (Male) |
| 1:51 | Create | Villager (Male) |
| 1:52 | Create | Villager (Male) |
| 2:17 | Create | Villager (Male) |
| 2:22 | Build | Lumber Camp |
| 2:53 | Create | Villager (Male) |
| 2:53 | Create | Villager (Male) |
| 3:06 | Create | Villager (Male) |
| 3:06 | Create | Villager (Male) |
| 3:06 | Create | Villager (Male) |
| 3:25 | Create | Villager (Male) |
| 3:31 | Create | Villager (Male) |
| 3:34 | Build | House |
| 4:06 | Create | Villager (Male) |
| 4:06 | Create | Villager (Male) |
| 4:15 | Create | Villager (Male) |
| 4:46 | Create | Villager (Male) |
| 4:46 | Create | Villager (Male) |
| 4:46 | Create | Villager (Male) |
| 4:46 | Create | Villager (Male) |
| 5:00 | Build | Mill |
| 5:04 | Create | Villager (Male) |
| 5:08 | Build | House |
| 5:31 | Create | Villager (Male) |
| 5:54 | Create | Villager (Male) |
| 6:25 | Build | House |
| 6:30 | Build | Barracks |
| 6:32 | Build | House |
| 6:34 | Create | Villager (Male) |
| 6:51 | Create | Villager (Male) |
| 7:18 | Research | Feudal Age |
| 7:30 | Create | Militia |
| 7:30 | Create | Militia |
| 7:47 | Build | Mining Camp |
| 9:40 | Age | Feudal Age |
| 9:42 | Build | Archery Range |
| 9:43 | Create | Villager (Male) |
| 9:45 | Create | Villager (Male) |
| 9:46 | Research | Man-at-Arms (upgrade) |
| 9:46 | Research | Man-at-Arms (upgrade) |
| 9:49 | Research | Double-Bit Axe |
| 9:49 | Research | Double-Bit Axe |
| 9:51 | Research | Gold Mining |
| 9:51 | Create | Villager (Male) |
| 10:14 | Create | Archer |
| 10:14 | Create | Archer |
| 10:34 | Build | Watch Tower |
| 10:56 | Create | Archer |
| 11:07 | Create | Villager (Male) |
| 11:07 | Create | Villager (Male) |
| 11:49 | Create | Villager (Male) |
| 12:08 | Build | Mining Camp |
| 12:11 | Create | Villager (Male) |
| 12:19 | Create | Villager (Male) |
| 12:28 | Create | Archer |
| 13:21 | Create | Skirmisher |
| 13:53 | Build | Farm |
| 13:57 | Build | Farm |
| 14:37 | Build | Farm |
| 14:38 | Build | Farm |
| 15:13 | Build | Blacksmith |
| 15:35 | Create | Villager (Male) |
| 15:35 | Create | Villager (Male) |
| 15:35 | Create | Villager (Male) |
| 15:42 | Build | Market |
| 16:08 | Build | Farm |
| 16:16 | Create | Villager (Male) |
| 16:45 | Build | House |
| 16:53 | Create | Villager (Male) |
| 16:54 | Create | Villager (Male) |
| 17:08 | Create | Villager (Male) |
| 17:09 | Create | Villager (Male) |
| 17:40 | Create | Villager (Male) |
| 17:54 | Create | Villager (Male) |
| 18:02 | Create | Villager (Male) |
| 18:05 | Build | Mining Camp |
| 18:15 | Build | Farm |
| 18:47 | Build | Blacksmith |
| 19:21 | Create | Villager (Male) |
| 19:22 | Create | Villager (Male) |
| 19:35 | Create | Villager (Male) |
| 20:13 | Create | Villager (Male) |
| 20:13 | Create | Villager (Male) |
| 20:15 | Build | Farm |
| 21:29 | Create | Villager (Male) |
| 21:29 | Create | Villager (Male) |
| 21:37 | Build | Mill |
| 22:08 | Create | Villager (Male) |
| 22:45 | Create | Villager (Male) |
| 22:45 | Create | Villager (Male) |
| 22:48 | Build | Farm |
| 22:51 | Create | Villager (Male) |
| 23:17 | Create | Villager (Male) |
Match timeline
| 5:23 | __24_Thorfin_Arg · first_building Barracks |
| 6:30 | Im_15Years_Old_IamCaPte · first_building Barracks |
| 9:21 | __24_Thorfin_Arg · age_up feudal |
| 9:40 | Im_15Years_Old_IamCaPte · age_up feudal |
| 9:42 | Im_15Years_Old_IamCaPte · first_building Archery Range |
| 9:53 | __24_Thorfin_Arg · first_building Archery Range |
| 10:43 | __24_Thorfin_Arg · wall_segment Palisade Wall x1 |
| 10:46 | __24_Thorfin_Arg · wall_segment Palisade Wall x1 |
| 18:22 | Im_15Years_Old_IamCaPte · first_market_buy 100 wood |
| 22:48 | __24_Thorfin_Arg · first_market_sell 100 food |
| 22:50 | __24_Thorfin_Arg · first_market_buy 100 stone |
| 23:20 | __24_Thorfin_Arg · resign |
[ AI ANALYSIS · 1 CREDIT ]
What really happened in this match?
Wolo.gg analyzes every decision: build order, eco, micro, common mistakes by bracket. Personalized analysis on WhatsApp or Discord in 30 seconds.
Civ guide
Malay
Perfil
__24_Thorfin_Arg